Map: Deathaura LE

Players

ShoWTimE - Winner!

  • Race: Protoss Protoss
  • Spawn Location: 5:00

INnoVation

  • Race: Terran Terran
  • Spawn Location: 11:00

Event: ASUS ROG Online 2020

VOD

Have the link to the VOD?

Description

Time

  • Played on: Nov. 28, 2020, 12:24 p.m.
  • Length: 11:32

All games in this series

Show
View Real Time Build Order
Export as new Build Order

ShoWTimE Protoss - Winner!

Build Orders: 1 Gate Expand, Phoenix Opening, Blink Stalkers, Colossus Rush 

Get SALT Encoding   

  12  0:00  Probe  
  13  0:12  Probe  
  14  0:17  Pylon  
  14  0:24  Probe (Chrono Boost)  
  15  0:36  Probe (Chrono Boost)  
  15  0:37  Gateway  
  16  0:44  Probe (Chrono Boost)  
  16  0:47  Assimilator  
  17  0:51  Probe  
  18  1:03  Probe  
  19  1:15  Probe  
  20  1:24  Cybernetics Core  
  20  1:33  Nexus  
  20  1:36  Probe  
  21  1:43  Pylon  
  21  1:48  Probe  
  21  1:51  Assimilator  
  22  1:58  Adept (Chrono Boost)  
  22  2:00  Probe (Chrono Boost)  
  23  2:04  Warp Gate  
  25  2:12  Probe (Chrono Boost)  
  26  2:20  Probe (Chrono Boost)  
  27  2:23  Sentry  
  27  2:27  Probe  
  30  2:42  Twilight Council, Probe (Chrono Boost)  
  31  2:45  Probe (Chrono Boost)  
  31  2:50  Stalker  
  35  2:54  Probe (Chrono Boost)  
  35  2:55  Gateway, Probe (Chrono Boost)  
  35  2:56  Phoenix  
  36  2:59  Probe (Chrono Boost)  
  36  3:03  Probe  
  38  3:09  Pylon  
  38  3:10  Blink (Chrono Boost)  
  38  3:11  Probe  
  39  3:15  Probe  
  40  3:23  Probe  
  41  3:27  Probe  
  42  3:35  Probe  
  42  3:36  Robotics Facility  
  42  3:39  Probe  
  44  3:47  Probe  
  45  3:48  Assimilator  
  45  3:49  Assimilator  
  45  3:51  Probe  
  46  3:56  Stalker x2  
  46  3:59  Probe  
  46  4:00  Pylon  
  51  4:03  Probe  
  52  4:12  Probe  
  52  4:16  Probe  
  54  4:17  Pylon  
  54  4:21  Stalker x2  
  54  4:24  Observer, Probe  
  60  4:29  Pylon  
  60  4:37  Robotics Bay  
  60  4:41  Probe x2  
  60  4:45  Observer (Chrono Boost)  
  63  4:49  Nexus  
  62  4:53  Probe x2  
  64  5:00  Pylon  
  64  5:05  Probe x2, Forge  
  64  5:06  Observer (Chrono Boost)  
  67  5:13  Gateway x2  
  67  5:17  Probe x2  
  69  5:23  Observer  
  69  5:26  Colossus (Chrono Boost)  
  69  5:29  Probe x2  
  69  5:33  Extended Thermal Lance (Chrono Boost)  
  77  5:37  Charge  
  77  5:38  Observer  
  77  5:42  Probe  
  78  5:44  Gateway  
  78  5:45  Gateway  
  78  5:48  Protoss Ground Weapons Level 1 (Chrono Boost)  
  78  5:53  Shield Battery  
  78  5:55  Pylon  
  78  6:01  Probe  
  78  6:02  Probe x2  
  81  6:04  Sentry  
  81  6:05  Zealot  
  81  6:08  Zealot x2  
  89  6:12  Colossus (Chrono Boost)  
  89  6:16  Probe x2  
  89  6:18  Pylon  
  97  6:25  Sentry  
  97  6:28  Pylon  
  97  6:31  Pylon  
  97  6:32  Zealot x2, Pylon  
  103  6:37  Zealot  
  105  6:42  Zealot x2  
  109  6:48  Probe x3  
  109  6:52  Gateway  
  109  6:53  Gateway, Colossus (Chrono Boost)  
  118  7:02  Probe x3  
  118  7:03  Assimilator  
  118  7:05  Assimilator  
  118  7:06  Stalker  
  118  7:07  Stalker  
  121  7:19  Sentry  
  121  7:20  Zealot x3  
  129  7:26  Photon Cannon  
  129  7:27  Probe x3  
  124  7:31  Zealot  
  124  7:32  Zealot  
  120  7:39  Probe  
  120  7:40  Templar Archives  
  120  7:41  Forge  
  120  7:42  Pylon x2  
  121  7:45  Zealot x4  
  121  7:50  Photon Cannon  
  121  7:51  Warp Prism (Chrono Boost)  
  129  7:52  Protoss Ground Weapons Level 2 (Chrono Boost)  
  131  8:01  Photon Cannon  
  131  8:06  Pylon  
  131  8:07  Protoss Ground Armor Level 1 (Chrono Boost), Zealot x2  
  135  8:19  Zealot x3  
  141  8:21  Zealot, Pylon  
  141  8:25  Gravitic Drive  
  140  8:30  Disruptor (Chrono Boost)  
  140  8:32  High Templar x4  
  151  8:37  Archon x2  
  151  8:38  Pylon  
  151  8:42  Nexus  
  151  8:44  Pylon  
  151  8:47  Probe x3  
  154  8:49  Robotics Facility  
  154  8:57  Pylon  
  154  9:01  Disruptor  
  147  9:06  Zealot x5  
  155  9:18  Probe x3  
  152  9:24  Observer  
  152  9:33  High Templar x4  
  152  9:36  Warp Prism (Chrono Boost), Pylon, Nexus  
  152  9:37  Archon x2, Pylon  
  152  9:38  Pylon, Observer  
  165  9:46  Pylon, Disruptor (Chrono Boost)  
  165  9:49  Zealot x3  
  165  9:50  Zealot  
  173  10:08  Zealot x4  
  173  10:09  Zealot  
  173  10:10  Zealot x3  
  189  10:15  Dark Shrine  
  189  10:34  Stalker x5  
  199  10:39  Pylon  
  199  11:02  Zealot x3  
  199  11:03  Zealot  
  194  11:24  Zealot x7  
  194  11:25  Zealot  
Show
View Real Time Build Order
Export as new Build Order

INnoVation Terran 

Build Orders: Reaper Expand 

Get SALT Encoding   

  12  0:00  SCV  
  13  0:12  SCV  
  14  0:17  Supply Depot  
  14  0:24  SCV  
  15  0:38  SCV  
  15  0:39  Barracks  
  16  0:43  Refinery  
  16  0:50  SCV  
  17  1:03  SCV  
  18  1:15  SCV  
  19  1:27  Orbital Command  
  19  1:28  Reaper  
  20  1:41  Command Center  
  20  1:48  Supply Depot  
  20  1:53  SCV  
  21  1:59  Marine  
  22  2:05  SCV  
  22  2:08  Factory  
  23  2:14  Bunker  
  23  2:17  SCV  
  23  2:21  Barracks Reactor  
  24  2:26  Refinery  
  24  2:29  SCV  
  25  2:42  SCV  
  26  2:53  Orbital Command  
  26  2:54  SCV  
  26  2:55  Starport  
  27  2:59  Marine  
  27  3:00  Widow Mine, Marine  
  31  3:06  SCV  
  32  3:17  Marine  
  32  3:18  SCV, Marine  
  32  3:19  SCV  
  36  3:22  Widow Mine  
  38  3:30  SCV  
  38  3:31  Supply Depot, SCV  
  38  3:32  Medivac  
  42  3:34  Barracks  
  42  3:36  Marine x2  
  44  3:44  Widow Mine  
  46  3:52  SCV x2  
  46  3:54  Marine x2  
  46  3:55  Supply Depot  
  50  4:03  Barracks  
  50  4:04  SCV x2  
  50  4:05  Factory Tech Lab  
  50  4:06  Starport Tech Lab  
  52  4:12  Engineering Bay  
  52  4:13  Refinery, Marine x2  
  54  4:21  SCV x2  
  56  4:31  Supply Depot  
  56  4:32  Stimpack  
  56  4:34  SCV x2  
  58  4:38  Terran Infantry Weapons Level 1  
  58  4:39  Starport Reactor  
  58  4:40  Factory Reactor  
  58  4:42  Marine x2  
  60  4:46  SCV x2  
  61  4:53  Supply Depot  
  61  4:59  Combat Shield, SCV x2  
  65  5:00  Marauder x2, Marine x2  
  65  5:06  Supply Depot  
  69  5:09  Refinery  
  69  5:11  SCV  
  70  5:14  SCV  
  70  5:15  Supply Depot  
  70  5:17  Medivac x2  
  75  5:25  Marauder x2, Marine  
  75  5:27  Marine  
  75  5:28  Widow Mine  
  81  5:30  Widow Mine  
  81  5:33  SCV x2  
  81  5:35  Supply Depot  
  79  5:43  Marine  
  79  5:45  Marine  
  79  5:46  Marauder x2  
  79  5:48  Medivac  
  87  5:52  SCV  
  87  5:53  Supply Depot  
  87  5:55  Medivac  
  90  5:58  Supply Depot  
  90  5:59  Widow Mine  
  90  6:00  Widow Mine  
  94  6:05  Marine x2  
  94  6:08  Marauder x2  
  100  6:12  Concussive Shells  
  100  6:18  Command Center  
  100  6:24  Supply Depot  
  100  6:29  Marauder x2  
  100  6:31  Marine x2  
  106  6:33  Terran Infantry Armor Level 1  
  106  6:42  Barracks  
  106  6:44  Medivac x2, Barracks  
  110  6:47  SCV x2  
  110  6:50  Supply Depot  
  112  6:55  Widow Mine x2  
  112  6:59  Marauder x2  
  112  7:00  Marine x2  
  122  7:02  SCV  
  122  7:03  SCV  
  124  7:12  Supply Depot  
  119  7:23  Marauder x2, SCV x2, Marine x2  
  119  7:25  Medivac x2  
  133  7:30  Widow Mine x2  
  133  7:36  Orbital Command  
  119  7:38  Barracks Reactor, Barracks Tech Lab  
  119  7:40  SCV x2  
  121  7:45  Marauder x2, Marine x2  
  127  7:55  Viking x2  
  132  7:58  SCV x2  
  132  8:02  SCV  
  134  8:07  Armory  
  134  8:08  Engineering Bay  
  134  8:12  Supply Depot  
  134  8:13  SCV x2  
  134  8:15  SCV  
  134  8:16  Marauder x3  
  142  8:20  Marine x3  
  142  8:21  Marine  
  72  8:27  Viking x2  
  146  8:31  SCV  
  146  8:32  SCV x2  
  146  8:33  Supply Depot  
  153  8:34  Refinery  
  153  8:37  Refinery  
  153  8:43  Marauder x3  
  153  8:47  Marine x4  
  163  8:52  SCV x2  
  163  8:54  SCV  
  166  8:56  Supply Depot x2  
  166  9:03  Terran Infantry Armor Level 2, Terran Infantry Weapons Level 2  
  166  9:06  Ghost Academy  
  166  9:08  Marauder  
  146  9:19  Marine x4  
  146  9:21  Marauder x2  
  149  9:25  SCV x2  
  149  9:26  SCV  
  152  9:36  Ghost, Viking x2  
  158  9:41  Ghost x2  
  158  9:44  Marine x3  
  158  9:45  Marine  
  166  9:49  Enhanced Shockwaves  
  166  9:50  Supply Depot  
  166  9:59  Command Center  
  165  10:12  Ghost x3  
  171  10:15  Marine x4  
  174  10:22  Viking x2  
  177  10:32  Command Center  
  177  10:35  Marine  
  177  10:36  Marine x3  
  177  10:41  Marauder x3  
  184  10:52  Viking x2  
  184  10:53  Barracks x2  
  184  10:55  Barracks  
  170  11:13  Supply Depot x2, Marine x3  
  170  11:14  Supply Depot  
Tags
 
Add a new tag
Caveats
  • Supply blocks, unpowered buildings, or Contaminate may cause inaccurate times.
  • Supply counts are checked every 10 seconds.